Map: [ESL] Inside and Out

Players

ShoWTimE - Winner!

  • Race: Protoss Protoss
  • Spawn Location: 7:00

ForJumy

  • Race: Protoss Protoss
  • Spawn Location: 1:00

Event: DreamHack SC2 Masters 2022 Atlanta (Online)

VOD

Have the link to the VOD?

Description

Time

  • Played on: Oct. 1, 2022, 1:15 p.m.
  • Length: 4:06

All games in this series

Show
View Real Time Build Order
Export as new Build Order

ShoWTimE Protoss - Winner!

Build Orders:  

Get SALT Encoding   

  12  0:00  Probe  
  13  0:12  Probe  
  14  0:17  Pylon  
  14  0:24  Probe (Chrono Boost)  
  15  0:36  Gateway, Probe (Chrono Boost)  
  16  0:44  Probe (Chrono Boost)  
  16  0:46  Assimilator  
  17  0:51  Probe  
  18  1:03  Probe  
  19  1:15  Probe, Gateway  
  20  1:21  Zealot (Chrono Boost)  
  20  1:23  Cybernetics Core  
  22  1:31  Pylon  
  22  1:32  Probe  
  23  1:41  Assimilator  
  23  1:49  Probe  
  24  1:59  Adept  
  26  2:02  Adept, Warp Gate  
  26  2:07  Pylon  
  28  2:26  Robotics Facility  
  28  2:33  Stalker  
  30  2:37  Stalker  
  30  2:44  Gateway  
  30  3:05  Stalker  
  32  3:10  Shield Battery  
  34  3:16  Immortal (Chrono Boost)  
  36  3:26  Pylon  
  36  3:53  Stalker  
  36  4:01  Stalker  
Show
View Real Time Build Order
Export as new Build Order

ForJumy Protoss 

Build Orders: 1 Gate Expand 

Get SALT Encoding   

  12  0:00  Probe  
  13  0:12  Probe  
  14  0:17  Pylon  
  14  0:24  Probe  
  15  0:36  Probe (Chrono Boost)  
  15  0:38  Gateway  
  16  0:48  Probe (Chrono Boost), Assimilator  
  17  0:54  Probe (Chrono Boost)  
  19  1:18  Nexus  
  18  1:29  Cybernetics Core  
  18  1:31  Probe  
  19  1:36  Assimilator  
  19  1:43  Probe  
  20  1:48  Pylon  
  20  1:55  Probe  
  21  2:02  Stalker (Chrono Boost)  
  21  2:05  Warp Gate  
  21  2:08  Probe (Chrono Boost)  
  24  2:17  Probe (Chrono Boost)  
  24  2:19  Shield Battery  
  25  2:23  Probe  
  26  2:30  Probe  
  25  2:38  Probe (Chrono Boost)  
  25  2:42  Sentry  
  28  2:45  Probe (Chrono Boost)  
  30  2:55  Probe x2 (Chrono Boost)  
  30  3:01  Probe  
  30  3:03  Probe  
  30  3:10  Stalker (Chrono Boost)  
  29  3:17  Probe  
  32  3:21  Probe  
  33  3:29  Probe  
  34  3:38  Shield Battery  
  32  3:42  Probe  
  32  3:44  Probe  
  33  3:53  Stalker  
  35  4:02  Pylon  
Tags
 
Add a new tag
Caveats
  • Supply blocks, unpowered buildings, or Contaminate may cause inaccurate times.
  • Supply counts are checked every 10 seconds.